Login

Trash Pandas vs Giants

Created - April 7, 2024 at 12:02

Goals
1 2 3 T
Trash Pandas 0 1 0 1
Giants 1 5 1 7
Shots
1 2 3 T
Trash Pandas 9 11 19 39
Giants 18 19 11 48

GoalsPenalties
1st period
1. Giants , Adam Fox 7 (Sidney Crosby 27) at 1:50 (PP)
Tom Wilson (ABE) for Roughing (Minor) at 0:47
Kevin Bahl (ABE) for Tripping (Minor) at 2:10
Sidney Crosby (ULS) for Elbowing (Minor) at 5:16
Ben Chiarot (ABE) for Holding (Minor) at 13:58
2nd period
2. Giants , Kevin Fiala 9 (Vincent Trocheck 12) at 8:24
3. Giants , Kevin Fiala 10 (Vincent Trocheck 13, Adam Fox 28) at 8:44
4. Giants , Sidney Crosby 16 (Alex Pietrangelo 31, Barrett Hayton 1) at 9:23
5. Giants , Moritz Seider 4 (Filip Forsberg 13, Sidney Crosby 28) at 17:28 (PP)
6. Trash Pandas , Ryan O'Reilly 21 (Jaden Schwartz 12, Ryan Strome 23) at 19:06
7. Giants , El Burrito Peligroso 16 (Alex Ovechkin 18, Alex Pietrangelo 32) at 19:44
Connor Murphy (ABE) for Hooking (Minor) at 6:22
Ben Chiarot (ABE) for Hooking (Minor) at 17:10
3rd period
8. Giants , El Burrito Peligroso 17 (Alex Pietrangelo 33, Mario Ferraro 11) at 18:19 (PP)
Alex Ovechkin (ULS) for Unsportsmanlike conduct (Minor) at 4:14
Raccoon Willie (ABE) for Interference (Minor) at 16:25
Alexander Romanov (ULS) for Hooking (Minor) at 18:24
Goalie Stats
Tristan Jarry (ABE), 41 saves from 48 shots - (0.854), L, 19-30-7, 60:00 minutes
Juuse Saros (ULS), 38 saves from 39 shots - (0.974), W, 35-18-5, 60:00 minutes
3 StarsOfficial
1 - Kevin Fiala (ULS)
2 - Juuse Saros (ULS)
3 - El Burrito Peligroso (ULS)
Referees : Unknown
Linesman : Unknown
Game Note
No Game Note
Finance
Level 1 -- Attendance: 4789 (79.82%) -- Ticket Income $478,900
Level 2 -- Attendance: 3968 (79.36%) -- Ticket Income $238,080
Level 3 -- Attendance: 1483 (74.15%) -- Ticket Income $51,905
Level 4 -- Attendance: 3259 (81.48%) -- Ticket Income $81,475
Luxury Box -- Attendance: 1000 (100.00%) -- Ticket Income $200,000
Game was played at the Shankill Leisure Centre.
Total Attendance: 14499 (80.55%)
Total Ticket Income: $1,050,360
Other Income: $420,144
Total Income: $1,470,504



Team Name Goals Shots Shots Attemp Shots Blocked PIM HIT PP PK FO%
Trash Pandas 139751512220 / 3 (0%)347%
Giants 74888116173 / 6 (50%)053%

Trash Pandas
Player Name POS G A P +/- PIM HIT SHT SB MP PP MP PP SHT PK MP PK SHT FO% FOT
Anze KopitarC000-1009022:483:0545:32046% 35
Ben ChiarotD000-1410221:170:0003:3900% 0
Carson SoucyD000-1012115:001:3800:0000% 0
Connor MurphyD000-1202325:013:4613:3600% 0
Erik GudbransonD000-1030319:520:1305:2600% 0
Erik JohnsonD000-1022120:162:3714:3000% 0
Jaden SchwartzLW0110002011:520:0000:0000% 0
Jonathan ToewsC000-2001015:292:2810:00037% 27
Kevin BahlD000-1211115:510:1301:1300% 0
Nick BoninoC000000106:110:0000:0000% 0
Nicklas BackstromC000-2002013:010:0000:0000% 0
Nico SturmC/LW000001008:290:5201:26030% 10
Raccoon WillieRW000-12310021:383:0544:23150% 4
Ryan O'ReillyC1010004119:103:5213:26070% 20
Ryan StromeC0110020015:343:2800:14067% 6
Sean KuralyLW000-1040217:200:0003:0900% 0
Taylor HallLW/RW000001106:250:0000:1400% 0
Tom WilsonRW000-2232115:282:2800:0000% 3
Giants
Player Name POS G A P +/- PIM HIT SHT SB MP PP MP PP SHT PK MP PK SHT FO% FOT
Adam FoxD1121006117:084:0540:0000% 0
Alex OvechkinLW/RW0111225023:277:2840:00050% 6
Alex PietrangeloD0332013125:375:0712:5100% 0
Alexander RomanovD0000210114:320:0000:0000% 0
Alexandre CarrierD000000000:000:0000:0000% 0
Barrett HaytonC/LW0110003014:460:0000:3100% 1
Chandler StephensonC/LW0001002021:064:4102:55071% 34
El Burrito PeligrosoC/RW2021009024:034:4133:2200% 1
Filip ForsbergC/LW/RW011000007:014:3100:000100% 1
Joel EdmundsonD0000021217:150:0002:4200% 0
Kevin FialaLW/RW2022015015:000:0000:0000% 0
Mario FerraroD0111010320:515:0702:5100% 0
Moritz SeiderD1012022324:364:0512:4200% 0
Sidney CrosbyC1230235020:404:3101:55049% 37
Timo MeierLW/RW0002014015:000:0000:0000% 2
Tyler ToffoliLW/RW0000002016:111:4410:1200% 0
Vincent TrocheckC0222031017:110:0002:11043% 23
Zach WhitecloudD000000000:000:0000:0000% 0

Trash Pandas

5 vs 5 Forward
Line #Left WingCenterRight WingPHYDFOFWanted %Time %Time Play
1Sean KuralyAnze KopitarRaccoon Willie1223031%14:11
2Nicklas BackstromJonathan ToewsTom Wilson1222829%13:01
3Jaden SchwartzRyan O'ReillyRyan Strome1222626%11:52
4Nick BoninoNico SturmTaylor Hall1221614%6:11
5 vs 5 Defense
Line #DefenseDefensePHYDFOFWanted %Time %Time Play
1Connor MurphyBen Chiarot1223028%12:41
2Erik GudbransonKevin Bahl1222831%14:13
3Carson SoucyErik Johnson1222630%13:22
4Connor MurphyBen Chiarot1221611%4:59
Power Play Forward
Line #Left WingCenterRight WingPHYDFOFWanted %Time %Time Play
1Ryan StromeAnze KopitarRaccoon Willie1135556%3:05
2Ryan O'ReillyJonathan ToewsTom Wilson1134544%2:28
Power Play Defense
Line #DefenseDefensePHYDFOFWanted %Time %Time Play
1Connor MurphyRyan O'Reilly1135553%2:56
2Connor MurphyErik Johnson1134547%2:37
Penalty Kill 4 Players Forward
Line #CenterWingPHYDFOFWanted %Time %Time Play
1Anze KopitarRaccoon Willie1315563%5:46
2Ryan O'ReillySean Kuraly1314537%3:26
Penalty Kill 4 Players Defense
Line #DefenseDefensePHYDFOFWanted %Time %Time Play
1Connor MurphyBen Chiarot1315551%4:42
2Erik GudbransonErik Johnson1314549%4:30
Penalty Kill 3 Players
Line #WingPHYDFOFWanted %Time %Time PlayDefenseDefensePHYDFOFWanted %Time %Time Play
1Anze Kopitar122550%0:00 Connor MurphyBen Chiarot122550%0:00
2Ryan O'Reilly122450%0:00 Erik GudbransonErik Johnson122450%0:00
4 vs 4 Forward
Line #CenterWingPHYDFOFWanted %Time %Time Play
1Anze KopitarRaccoon Willie122550%0:00
2Ryan O'ReillySean Kuraly131450%0:00
4 vs 4 Defense
Line #DefensePHYDFOFWanted %Time %Time Play
1Connor MurphyBen Chiarot122550%0:00
2Erik GudbransonErik Johnson131450%0:00
Last Minutes Offensive
Left WingCenterRight WingDefenseDefense
Tom WilsonAnze KopitarRaccoon WillieConnor MurphyKevin Bahl
Last Minutes Defensive
Left WingCenterRight WingDefenseDefense
Sean KuralyRyan O'ReillyNicklas BackstromConnor MurphyBen Chiarot
Time
Total ForwardTotal DefenseLast Minutes OffensiveLast Minutes Defensive
60:00 60:00 0:000:00
Extra Forwards
Normal PowerPlayPenalty Kill
Ryan Strome, Ryan O'Reilly, Nico SturmRyan Strome, Ryan O'ReillyNico Sturm
Extra Defensemen
Normal PowerPlayPenalty Kill
Carson Soucy, Connor Murphy, Erik GudbransonCarson Soucy, Ben ChiarotErik Gudbranson
Penalty Shots
Raccoon Willie, Ben Chiarot, Anze Kopitar, Erik Gudbranson, Ryan O'Reilly
Goalie
Tristan Jarry, Jordan Binnington
Custom OT Lines Forwards
Raccoon Willie, Anze Kopitar, Ryan Strome, Jonathan Toews, Ryan O'Reilly, Nico Sturm, Tom Wilson, Jaden Schwartz, Nicklas Backstrom, Sean Kuraly
Custom OT Lines Defensemen
Connor Murphy, Ben Chiarot, Erik Gudbranson, Erik Johnson, Carson Soucy
Scratches
Shayne Gostisbehere (Healthy), Christian Dvorak (Bruised Left Shoulder Injury), Morgan Geekie (Healthy)

Giants

5 vs 5 Forward
Line #Left WingCenterRight WingPHYDFOFWanted %Time %Time Play
1Tyler ToffoliSidney CrosbyBarrett Hayton1223031%14:15
2Alex OvechkinChandler StephensonEl Burrito Peligroso1223030%13:30
3Kevin FialaVincent TrocheckTimo Meier1223033%15:00
4Filip ForsbergAlex OvechkinEl Burrito Peligroso122106%2:30
5 vs 5 Defense
Line #DefenseDefensePHYDFOFWanted %Time %Time Play
1Moritz SeiderAdam Fox1223029%12:56
2Alex PietrangeloMario Ferraro1222828%12:53
3Alexander RomanovJoel Edmundson1222632%14:33
4Moritz SeiderAlex Pietrangelo1221611%4:53
Power Play Forward
Line #Left WingCenterRight WingPHYDFOFWanted %Time %Time Play
1Filip ForsbergSidney CrosbyAlex Ovechkin1225549%4:31
2Alex OvechkinChandler StephensonEl Burrito Peligroso1224551%4:41
Power Play Defense
Line #DefenseDefensePHYDFOFWanted %Time %Time Play
1Moritz SeiderAdam Fox1225544%4:05
2Alex PietrangeloMario Ferraro1224556%5:07
Penalty Kill 4 Players Forward
Line #CenterWingPHYDFOFWanted %Time %Time Play
1Sidney CrosbyEl Burrito Peligroso1225561%3:22
2Vincent TrocheckChandler Stephenson1224539%2:11
Penalty Kill 4 Players Defense
Line #DefenseDefensePHYDFOFWanted %Time %Time Play
1Moritz SeiderJoel Edmundson1225549%2:42
2Alex PietrangeloMario Ferraro1224551%2:51
Penalty Kill 3 Players
Line #WingPHYDFOFWanted %Time %Time PlayDefenseDefensePHYDFOFWanted %Time %Time Play
1Sidney Crosby122550%0:00 Moritz SeiderJoel Edmundson122550%0:00
2Vincent Trocheck122450%0:00 Alex PietrangeloMario Ferraro122450%0:00
4 vs 4 Forward
Line #CenterWingPHYDFOFWanted %Time %Time Play
1Sidney CrosbyAlex Ovechkin122550%0:00
2El Burrito PeligrosoKevin Fiala122450%0:00
4 vs 4 Defense
Line #DefensePHYDFOFWanted %Time %Time Play
1Moritz SeiderJoel Edmundson122550%0:00
2Alex PietrangeloMario Ferraro122450%0:00
Last Minutes Offensive
Left WingCenterRight WingDefenseDefense
Kevin FialaSidney CrosbyBarrett HaytonMoritz SeiderAdam Fox
Last Minutes Defensive
Left WingCenterRight WingDefenseDefense
Chandler StephensonSidney CrosbyFilip ForsbergMoritz SeiderJoel Edmundson
Time
Total ForwardTotal DefenseLast Minutes OffensiveLast Minutes Defensive
60:00 60:00 0:000:00
Extra Forwards
Normal PowerPlayPenalty Kill
Tyler Toffoli, Sidney Crosby, El Burrito PeligrosoTyler Toffoli, Vincent TrocheckChandler Stephenson
Extra Defensemen
Normal PowerPlayPenalty Kill
Alex Pietrangelo, Joel Edmundson, Adam FoxAdam Fox, Joel EdmundsonZach Whitecloud
Penalty Shots
Sidney Crosby, Alex Ovechkin, Tyler Toffoli, Kevin Fiala, Timo Meier
Goalie
Juuse Saros, Pyotr Kochetkov
Custom OT Lines Forwards
Sidney Crosby, Barrett Hayton, Kevin Fiala, Filip Forsberg, El Burrito Peligroso, Alex Ovechkin, Tyler Toffoli, Vincent Trocheck, Chandler Stephenson, Timo Meier
Custom OT Lines Defensemen
Moritz Seider, Adam Fox, Alex Pietrangelo, Joel Edmundson, Alexander Romanov
Scratches
Nikita Kucherov (Bruised Left Arm Injury), Taylor Raddysh (Healthy), Jake Evans (Healthy)


Play-by-Play

1st period


0:01 of 1st period - Anze Kopitar wins face-off versus Sidney Crosby in neutral zone.
0:26 of 1st period - Shot by Raccoon Willie.
0:26 of 1st period - Shot Misses the Net.
0:28 of 1st period - Shot by Ben Chiarot.
0:28 of 1st period - Shot Blocked by Adam Fox.
0:30 of 1st period - Shot by Connor Murphy.
0:30 of 1st period - Stopped by Juuse Saros with a rebound.
0:32 of 1st period - Shot by Raccoon Willie.
0:32 of 1st period - Shot Misses the Net.
0:34 of 1st period - Shot by Sean Kuraly.
0:34 of 1st period - Shot Blocked by Moritz Seider.
0:47 of 1st period - Minor Penalty to Tom Wilson for Roughing.
0:48 of 1st period - Chandler Stephenson wins face-off versus Anze Kopitar in Trash Pandas zone.
1:46 of 1st period - Off-side.
1:47 of 1st period - Sidney Crosby wins face-off versus Anze Kopitar in neutral zone.
1:50 of 1st period - Shot by Adam Fox.
1:50 of 1st period - Goal by Adam Fox - Trash Pandas : 0 - Giants : 1.
1:51 of 1st period - Vincent Trocheck wins face-off versus Jonathan Toews in neutral zone.
2:03 of 1st period - Shot by Timo Meier.
2:03 of 1st period - Deflect By Kevin Fiala.
2:03 of 1st period - Shot Blocked by Tom Wilson.
2:10 of 1st period - Minor Penalty to Kevin Bahl for Tripping.
2:11 of 1st period - Anze Kopitar wins face-off versus Sidney Crosby in Trash Pandas zone.
2:22 of 1st period - Shot by Alex Ovechkin.
2:22 of 1st period - Stopped by Tristan Jarry with a rebound.
2:50 of 1st period - Shot by Alex Ovechkin.
2:50 of 1st period - Shot Misses the Net.
2:52 of 1st period - Shot by Filip Forsberg.
2:52 of 1st period - Shot Misses the Net.
3:05 of 1st period - Off-side.
3:06 of 1st period - Chandler Stephenson wins face-off versus Ryan O'Reilly in neutral zone.
3:13 of 1st period - Shot by Alex Pietrangelo.
3:13 of 1st period - Shot Blocked by Sean Kuraly.
3:15 of 1st period - Shot by El Burrito Peligroso.
3:15 of 1st period - Stopped by Tristan Jarry without a rebound.
3:16 of 1st period - Chandler Stephenson wins face-off versus Ryan O'Reilly in Trash Pandas zone.
3:33 of 1st period - Shot by Alex Pietrangelo.
3:33 of 1st period - Deflect By Alex Ovechkin.
3:33 of 1st period - Stopped by Tristan Jarry with a rebound.
3:58 of 1st period - Icing by Chandler Stephenson.
3:59 of 1st period - Chandler Stephenson wins face-off versus Raccoon Willie in Giants zone.
4:01 of 1st period - Icing by El Burrito Peligroso.
4:02 of 1st period - Chandler Stephenson wins face-off versus Anze Kopitar in Giants zone.
4:08 of 1st period - Shot by Alex Ovechkin.
4:08 of 1st period - Shot Misses the Net.
4:44 of 1st period - Shot by Jonathan Toews.
4:44 of 1st period - Shot Hit the Post.
5:15 of 1st period - Ryan Strome is hit by Sidney Crosby and loses puck.
5:16 of 1st period - Minor Penalty to Sidney Crosby for Elbowing.
5:17 of 1st period - Chandler Stephenson wins face-off versus Ryan Strome in Giants zone.
5:34 of 1st period - Shot by Raccoon Willie.
5:34 of 1st period - Stopped by Juuse Saros without a rebound.
5:35 of 1st period - Chandler Stephenson wins face-off versus Ryan O'Reilly in Giants zone.
6:24 of 1st period - Shot by Raccoon Willie.
6:24 of 1st period - Stopped by Juuse Saros without a rebound.
6:25 of 1st period - Raccoon Willie wins face-off versus Barrett Hayton in Giants zone.
6:28 of 1st period - Shot by Anze Kopitar.
6:28 of 1st period - Stopped by Juuse Saros without a rebound.
6:29 of 1st period - Ryan Strome wins face-off versus Vincent Trocheck in Giants zone.
6:36 of 1st period - Shot by Raccoon Willie.
6:36 of 1st period - Stopped by Juuse Saros with a rebound.
6:39 of 1st period - Ryan Strome is hit by Mario Ferraro and loses puck.
7:07 of 1st period - Alex Pietrangelo is hit by Raccoon Willie and loses puck.
7:19 of 1st period - Icing by Nico Sturm.
7:20 of 1st period - Nico Sturm wins face-off versus Vincent Trocheck in Trash Pandas zone.
8:03 of 1st period - Off-side.
8:04 of 1st period - Chandler Stephenson wins face-off versus Jonathan Toews in neutral zone.
8:17 of 1st period - Shot by Chandler Stephenson.
8:17 of 1st period - Shot Misses the Net.
8:20 of 1st period - Icing by Nicklas Backstrom.
8:21 of 1st period - Sidney Crosby wins face-off versus Jonathan Toews in Trash Pandas zone.
8:22 of 1st period - Shot by Barrett Hayton.
8:22 of 1st period - Stopped by Tristan Jarry without a rebound.
8:23 of 1st period - Anze Kopitar wins face-off versus Chandler Stephenson in Trash Pandas zone.
8:32 of 1st period - Shot by Raccoon Willie.
8:32 of 1st period - Stopped by Juuse Saros without a rebound.
8:33 of 1st period - Ryan O'Reilly wins face-off versus Sidney Crosby in Giants zone.
8:37 of 1st period - Icing by Alex Pietrangelo.
8:38 of 1st period - Ryan Strome wins face-off versus Sidney Crosby in Giants zone.
8:59 of 1st period - Shot by Sidney Crosby.
8:59 of 1st period - Stopped by Tristan Jarry without a rebound.
9:00 of 1st period - Anze Kopitar wins face-off versus Chandler Stephenson in Trash Pandas zone.
9:29 of 1st period - Shot by Chandler Stephenson.
9:29 of 1st period - Stopped by Tristan Jarry with a rebound.
9:31 of 1st period - Shot by Joel Edmundson.
9:31 of 1st period - Deflect By Alex Ovechkin.
9:31 of 1st period - Stopped by Tristan Jarry with a rebound.
9:35 of 1st period - Shot by Alex Ovechkin.
9:35 of 1st period - Shot Hit the Post.
10:24 of 1st period - Shot by Sidney Crosby.
10:24 of 1st period - Shot Misses the Net.
10:28 of 1st period - Shot by Sidney Crosby.
10:28 of 1st period - Shot Blocked by Carson Soucy.
10:54 of 1st period - Shot by Vincent Trocheck.
10:54 of 1st period - Shot Blocked by Connor Murphy.
10:59 of 1st period - Icing by Connor Murphy.
11:00 of 1st period - Ryan O'Reilly wins face-off versus Alex Ovechkin in Trash Pandas zone.
11:05 of 1st period - Joel Edmundson is hit by Ryan Strome and loses puck.
11:35 of 1st period - Off-side.
11:36 of 1st period - Jonathan Toews wins face-off versus Vincent Trocheck in neutral zone.
11:45 of 1st period - Erik Gudbranson is hit by Timo Meier and loses puck.
11:49 of 1st period - Icing by Erik Gudbranson.
11:50 of 1st period - Sidney Crosby wins face-off versus Jonathan Toews in Trash Pandas zone.
12:01 of 1st period - Shot by Sidney Crosby.
12:01 of 1st period - Stopped by Tristan Jarry with a rebound.
12:16 of 1st period - Icing by Kevin Bahl.
12:17 of 1st period - Chandler Stephenson wins face-off versus Tom Wilson in Trash Pandas zone.
12:33 of 1st period - Shot by El Burrito Peligroso.
12:33 of 1st period - Stopped by Tristan Jarry without a rebound.
12:34 of 1st period - Vincent Trocheck wins face-off versus Ryan O'Reilly in Trash Pandas zone.
12:41 of 1st period - Shot by Timo Meier.
12:41 of 1st period - Stopped by Tristan Jarry with a rebound.
12:47 of 1st period - Shot by Timo Meier.
12:47 of 1st period - Stopped by Tristan Jarry without a rebound.
12:48 of 1st period - Chandler Stephenson wins face-off versus Nico Sturm in Trash Pandas zone.
13:03 of 1st period - Shot by Taylor Hall.
13:03 of 1st period - Stopped by Juuse Saros with a rebound.
13:05 of 1st period - Shot by Carson Soucy.
13:05 of 1st period - Shot Blocked by Alex Pietrangelo.
13:07 of 1st period - Shot by Carson Soucy.
13:07 of 1st period - Shot Misses the Net.
13:09 of 1st period - Shot by Carson Soucy.
13:09 of 1st period - Shot Hit the Post.
13:11 of 1st period - Shot by Nico Sturm.
13:11 of 1st period - Shot Misses the Net.
13:24 of 1st period - Off-side.
13:25 of 1st period - Ryan Strome wins face-off versus Sidney Crosby in neutral zone.
13:32 of 1st period - Shot by Ryan Strome.
13:32 of 1st period - Deflect By Jaden Schwartz.
13:32 of 1st period - Shot Blocked by Joel Edmundson.
13:57 of 1st period - Tyler Toffoli is hit by Ben Chiarot.
13:58 of 1st period - Minor Penalty to Ben Chiarot for Holding.
13:59 of 1st period - Anze Kopitar wins face-off versus El Burrito Peligroso in Trash Pandas zone.
14:08 of 1st period - Shot by El Burrito Peligroso.
14:08 of 1st period - Deflect By Alex Ovechkin.
14:08 of 1st period - Shot Misses the Net.
15:02 of 1st period - Shot by Alex Pietrangelo.
15:02 of 1st period - Deflect By Tyler Toffoli.
15:02 of 1st period - Shot Blocked by Erik Johnson.
15:04 of 1st period - Shot by Alex Pietrangelo.
15:04 of 1st period - Stopped by Tristan Jarry without a rebound.
15:05 of 1st period - Ryan O'Reilly wins face-off versus Sidney Crosby in Trash Pandas zone.
15:13 of 1st period - Filip Forsberg is hit by Sean Kuraly and loses puck.
16:04 of 1st period - Shot by Jonathan Toews.
16:04 of 1st period - Shot Misses the Net.
16:06 of 1st period - Shot by Carson Soucy.
16:06 of 1st period - Shot Misses the Net.
16:08 of 1st period - Shot by Carson Soucy.
16:08 of 1st period - Shot Blocked by Alexander Romanov.
16:10 of 1st period - Shot by Carson Soucy.
16:10 of 1st period - Stopped by Juuse Saros without a rebound.
16:11 of 1st period - Nico Sturm wins face-off versus Vincent Trocheck in Giants zone.
16:26 of 1st period - Shot by Taylor Hall.
16:26 of 1st period - Shot Blocked by Moritz Seider.
16:28 of 1st period - Shot by Nick Bonino.
16:28 of 1st period - Stopped by Juuse Saros with a rebound.
17:09 of 1st period - Icing by Erik Johnson.
17:10 of 1st period - Jonathan Toews wins face-off versus Sidney Crosby in Trash Pandas zone.
17:21 of 1st period - Alexander Romanov is hit by Tom Wilson.
17:47 of 1st period - Shot by Sidney Crosby.
17:47 of 1st period - Stopped by Tristan Jarry without a rebound.
17:48 of 1st period - Chandler Stephenson wins face-off versus Anze Kopitar in Trash Pandas zone.
17:53 of 1st period - Shot by El Burrito Peligroso.
17:53 of 1st period - Shot Blocked by Kevin Bahl.
18:01 of 1st period - Shot by Alex Ovechkin.
18:01 of 1st period - Shot Blocked by Erik Gudbranson.
18:10 of 1st period - Chandler Stephenson is hit by Kevin Bahl and loses puck.
18:30 of 1st period - Shot by El Burrito Peligroso.
18:30 of 1st period - Stopped by Tristan Jarry without a rebound.
18:31 of 1st period - Ryan O'Reilly wins face-off versus Vincent Trocheck in Trash Pandas zone.
18:41 of 1st period - Ryan O'Reilly is hit by Moritz Seider and loses puck.
18:48 of 1st period - Shot by Kevin Fiala.
18:48 of 1st period - Stopped by Tristan Jarry with a rebound.
18:50 of 1st period - Shot by Vincent Trocheck.
18:50 of 1st period - Shot Blocked by Connor Murphy.
18:52 of 1st period - Shot by Timo Meier.
18:52 of 1st period - Shot Blocked by Ben Chiarot.
18:54 of 1st period - Shot by Vincent Trocheck.
18:54 of 1st period - Shot Misses the Net.
19:04 of 1st period - Shot by Vincent Trocheck.
19:04 of 1st period - Shot Misses the Net.
19:06 of 1st period - Shot by Moritz Seider.
19:06 of 1st period - Stopped by Tristan Jarry with a rebound.
19:08 of 1st period - Shot by Adam Fox.
19:08 of 1st period - Stopped by Tristan Jarry without a rebound.
19:09 of 1st period - Jonathan Toews wins face-off versus Sidney Crosby in Trash Pandas zone.
19:13 of 1st period - Off-side.
19:14 of 1st period - Chandler Stephenson wins face-off versus Jonathan Toews in neutral zone.
Goals for this period are 0 for Trash Pandas vs 1 for Giants.
Shots for this period are 9 for Trash Pandas vs 18 for Giants.

2nd period


0:01 of 2nd period - Anze Kopitar wins face-off versus Chandler Stephenson in neutral zone.
1:13 of 2nd period - Shot by Jaden Schwartz.
1:13 of 2nd period - Stopped by Juuse Saros without a rebound.
1:14 of 2nd period - Vincent Trocheck wins face-off versus Jonathan Toews in Giants zone.
1:44 of 2nd period - Tom Wilson is hit by Joel Edmundson and loses puck.
1:49 of 2nd period - Shot by Tom Wilson.
1:49 of 2nd period - Stopped by Juuse Saros without a rebound.
1:50 of 2nd period - Ryan O'Reilly wins face-off versus Sidney Crosby in Giants zone.
1:53 of 2nd period - Shot by Jaden Schwartz.
1:53 of 2nd period - Shot Misses the Net.
3:00 of 2nd period - Shot by Anze Kopitar.
3:00 of 2nd period - Shot Blocked by Moritz Seider.
3:23 of 2nd period - Anze Kopitar is hit by Kevin Fiala and loses puck.
4:31 of 2nd period - Icing by Mario Ferraro.
4:32 of 2nd period - Sidney Crosby wins face-off versus Nico Sturm in Giants zone.
4:32 of 2nd period - Barrett Hayton is hit by Nico Sturm and loses puck.
5:36 of 2nd period - Shot by El Burrito Peligroso.
5:36 of 2nd period - Stopped by Tristan Jarry without a rebound.
5:37 of 2nd period - Vincent Trocheck wins face-off versus Anze Kopitar in Trash Pandas zone.
5:42 of 2nd period - Shot by Kevin Fiala.
5:42 of 2nd period - Stopped by Tristan Jarry without a rebound.
5:43 of 2nd period - Anze Kopitar wins face-off versus Vincent Trocheck in Trash Pandas zone.
6:22 of 2nd period - Minor Penalty to Connor Murphy for Hooking.
6:23 of 2nd period - Anze Kopitar wins face-off versus Sidney Crosby in Trash Pandas zone.
6:40 of 2nd period - Shot by Alex Ovechkin.
6:40 of 2nd period - Stopped by Tristan Jarry with a rebound.
6:42 of 2nd period - Shot by Adam Fox.
6:42 of 2nd period - Stopped by Tristan Jarry with a rebound.
6:44 of 2nd period - Shot by Filip Forsberg.
6:44 of 2nd period - Deflect By Alex Ovechkin.
6:44 of 2nd period - Stopped by Tristan Jarry without a rebound.
6:45 of 2nd period - Chandler Stephenson wins face-off versus Anze Kopitar in Trash Pandas zone.
6:46 of 2nd period - Shot by El Burrito Peligroso.
6:46 of 2nd period - Stopped by Tristan Jarry without a rebound.
6:47 of 2nd period - Chandler Stephenson wins face-off versus Anze Kopitar in Trash Pandas zone.
6:54 of 2nd period - Shot by Adam Fox.
6:54 of 2nd period - Shot Misses the Net.
7:04 of 2nd period - Shot by El Burrito Peligroso.
7:04 of 2nd period - Deflect By Chandler Stephenson.
7:04 of 2nd period - Shot Misses the Net.
7:24 of 2nd period - Shot by El Burrito Peligroso.
7:24 of 2nd period - Shot Blocked by Sean Kuraly.
8:00 of 2nd period - Shot by Raccoon Willie.
8:00 of 2nd period - Stopped by Juuse Saros without a rebound.
8:01 of 2nd period - Ryan O'Reilly wins face-off versus Sidney Crosby in Giants zone.
8:06 of 2nd period - Shot by Ryan O'Reilly.
8:06 of 2nd period - Shot Blocked by Mario Ferraro.
8:22 of 2nd period - Shot by Sidney Crosby.
8:22 of 2nd period - Stopped by Tristan Jarry without a rebound.
8:23 of 2nd period - Vincent Trocheck wins face-off versus Jonathan Toews in Trash Pandas zone.
8:24 of 2nd period - Shot by Kevin Fiala.
8:24 of 2nd period - Goal by Kevin Fiala - Trash Pandas : 0 - Giants : 2.
8:25 of 2nd period - Ryan O'Reilly wins face-off versus Vincent Trocheck in neutral zone.
8:42 of 2nd period - Shot by Kevin Fiala.
8:42 of 2nd period - Shot Misses the Net.
8:44 of 2nd period - Shot by Kevin Fiala.
8:44 of 2nd period - Goal by Kevin Fiala - Trash Pandas : 0 - Giants : 3.
8:45 of 2nd period - Sidney Crosby wins face-off versus Jonathan Toews in neutral zone.
8:51 of 2nd period - Barrett Hayton is hit by Erik Gudbranson and loses puck.
9:23 of 2nd period - Shot by Sidney Crosby.
9:23 of 2nd period - Goal by Sidney Crosby - Trash Pandas : 0 - Giants : 4.
9:24 of 2nd period - Chandler Stephenson wins face-off versus Anze Kopitar in neutral zone.
9:53 of 2nd period - Shot by Adam Fox.
9:53 of 2nd period - Stopped by Tristan Jarry with a rebound.
10:35 of 2nd period - Shot by Vincent Trocheck.
10:35 of 2nd period - Shot Misses the Net.
10:43 of 2nd period - Shot by Kevin Fiala.
10:43 of 2nd period - Stopped by Tristan Jarry with a rebound.
10:45 of 2nd period - Shot by Alex Pietrangelo.
10:45 of 2nd period - Stopped by Tristan Jarry without a rebound.
10:46 of 2nd period - Sidney Crosby wins face-off versus Jonathan Toews in Trash Pandas zone.
10:47 of 2nd period - Shot by Joel Edmundson.
10:47 of 2nd period - Stopped by Tristan Jarry with a rebound.
11:50 of 2nd period - Shot by Nick Bonino.
11:50 of 2nd period - Shot Blocked by Joel Edmundson.
12:42 of 2nd period - Joel Edmundson is hit by Raccoon Willie and loses puck.
13:01 of 2nd period - Shot by Raccoon Willie.
13:01 of 2nd period - Shot Misses the Net.
13:03 of 2nd period - Shot by Anze Kopitar.
13:03 of 2nd period - Stopped by Juuse Saros without a rebound.
13:04 of 2nd period - Ryan O'Reilly wins face-off versus Chandler Stephenson in Giants zone.
14:09 of 2nd period - Icing by Ryan O'Reilly.
14:10 of 2nd period - Vincent Trocheck wins face-off versus Ryan Strome in Trash Pandas zone.
14:28 of 2nd period - Alex Pietrangelo is hit by Sean Kuraly and loses puck.
14:35 of 2nd period - Shot by Anze Kopitar.
14:35 of 2nd period - Stopped by Juuse Saros without a rebound.
14:36 of 2nd period - Jonathan Toews wins face-off versus Alex Ovechkin in Giants zone.
14:51 of 2nd period - Shot by Nicklas Backstrom.
14:51 of 2nd period - Stopped by Juuse Saros without a rebound.
14:52 of 2nd period - Anze Kopitar wins face-off versus Vincent Trocheck in Giants zone.
15:21 of 2nd period - Raccoon Willie is hit by Vincent Trocheck.
15:36 of 2nd period - Off-side.
15:37 of 2nd period - Jonathan Toews wins face-off versus Chandler Stephenson in neutral zone.
16:05 of 2nd period - Shot by Tom Wilson.
16:05 of 2nd period - Stopped by Juuse Saros without a rebound.
16:06 of 2nd period - Ryan Strome wins face-off versus Sidney Crosby in Giants zone.
16:06 of 2nd period - Ryan Strome is hit by Joel Edmundson.
16:08 of 2nd period - Shot by Jaden Schwartz.
16:08 of 2nd period - Shot Misses the Net.
16:41 of 2nd period - Ryan O'Reilly is hit by Alexander Romanov and loses puck.
16:47 of 2nd period - Off-side.
16:48 of 2nd period - Anze Kopitar wins face-off versus Chandler Stephenson in neutral zone.
16:53 of 2nd period - Shot by Raccoon Willie.
16:53 of 2nd period - Stopped by Juuse Saros with a rebound.
16:57 of 2nd period - Shot by Anze Kopitar.
16:57 of 2nd period - Stopped by Juuse Saros without a rebound.
16:58 of 2nd period - Vincent Trocheck wins face-off versus Jonathan Toews in Giants zone.
17:10 of 2nd period - Minor Penalty to Ben Chiarot for Hooking.
17:11 of 2nd period - Filip Forsberg wins face-off versus Anze Kopitar in Trash Pandas zone.
17:18 of 2nd period - Shot by Adam Fox.
17:18 of 2nd period - Stopped by Tristan Jarry without a rebound.
17:19 of 2nd period - Sidney Crosby wins face-off versus Anze Kopitar in Trash Pandas zone.
17:26 of 2nd period - Shot by Filip Forsberg.
17:26 of 2nd period - Shot Blocked by Erik Gudbranson.
17:28 of 2nd period - Shot by Moritz Seider.
17:28 of 2nd period - Goal by Moritz Seider - Trash Pandas : 0 - Giants : 5.
17:29 of 2nd period - Vincent Trocheck wins face-off versus Jonathan Toews in neutral zone.
17:36 of 2nd period - Shot by Timo Meier.
17:36 of 2nd period - Shot Blocked by Ben Chiarot.
17:42 of 2nd period - Shot by Jonathan Toews.
17:42 of 2nd period - Shot Misses the Net.
18:37 of 2nd period - Shot by El Burrito Peligroso.
18:37 of 2nd period - Stopped by Tristan Jarry without a rebound.
18:38 of 2nd period - Ryan O'Reilly wins face-off versus Sidney Crosby in Trash Pandas zone.
18:45 of 2nd period - Alexander Romanov is hit by Ryan Strome and loses puck.
19:04 of 2nd period - Shot by Ryan O'Reilly.
19:04 of 2nd period - Shot Misses the Net.
19:06 of 2nd period - Shot by Ryan O'Reilly.
19:06 of 2nd period - Goal by Ryan O'Reilly - Trash Pandas : 1 - Giants : 5.
19:07 of 2nd period - Alex Ovechkin wins face-off versus Anze Kopitar in neutral zone.
19:24 of 2nd period - Shot by Alex Ovechkin.
19:24 of 2nd period - Shot Misses the Net.
19:26 of 2nd period - Shot by Chandler Stephenson.
19:26 of 2nd period - Stopped by Tristan Jarry without a rebound.
19:27 of 2nd period - Jonathan Toews wins face-off versus Vincent Trocheck in Trash Pandas zone.
19:32 of 2nd period - Shot by Nicklas Backstrom.
19:32 of 2nd period - Stopped by Juuse Saros without a rebound.
19:33 of 2nd period - Chandler Stephenson wins face-off versus Nico Sturm in Giants zone.
19:33 of 2nd period - Chandler Stephenson is hit by Taylor Hall.
19:36 of 2nd period - Icing by Alex Ovechkin.
19:37 of 2nd period - Chandler Stephenson wins face-off versus Anze Kopitar in Giants zone.
19:44 of 2nd period - Shot by Alex Ovechkin.
19:44 of 2nd period - Deflect By El Burrito Peligroso.
19:44 of 2nd period - Goal by El Burrito Peligroso - Trash Pandas : 1 - Giants : 6.
19:45 of 2nd period - Anze Kopitar wins face-off versus Chandler Stephenson in neutral zone.
19:55 of 2nd period - Off-side.
19:56 of 2nd period - Jonathan Toews wins face-off versus Vincent Trocheck in neutral zone.
Goals for this period are 1 for Trash Pandas vs 5 for Giants.
Shots for this period are 11 for Trash Pandas vs 19 for Giants.

3rd period


0:01 of 3rd period - Chandler Stephenson wins face-off versus Anze Kopitar in neutral zone.
0:08 of 3rd period - Shot by Alex Ovechkin.
0:08 of 3rd period - Deflect By El Burrito Peligroso.
0:08 of 3rd period - Stopped by Tristan Jarry without a rebound.
0:09 of 3rd period - Chandler Stephenson wins face-off versus Tom Wilson in Trash Pandas zone.
0:53 of 3rd period - Shot by Alex Ovechkin.
0:53 of 3rd period - Deflect By El Burrito Peligroso.
0:53 of 3rd period - Shot Misses the Net.
1:33 of 3rd period - Shot by Kevin Fiala.
1:33 of 3rd period - Deflect By Vincent Trocheck.
1:33 of 3rd period - Shot Misses the Net.
1:41 of 3rd period - Shot by Timo Meier.
1:41 of 3rd period - Stopped by Tristan Jarry without a rebound.
1:42 of 3rd period - Ryan O'Reilly wins face-off versus Sidney Crosby in Trash Pandas zone.
1:42 of 3rd period - Erik Johnson is hit by Sidney Crosby.
2:06 of 3rd period - Tyler Toffoli is hit by Erik Johnson and loses puck.
2:16 of 3rd period - Barrett Hayton is hit by Carson Soucy and loses puck.
2:19 of 3rd period - Shot by Barrett Hayton.
2:19 of 3rd period - Stopped by Tristan Jarry without a rebound.
2:20 of 3rd period - Vincent Trocheck wins face-off versus Nico Sturm in Trash Pandas zone.
2:29 of 3rd period - Shot by Kevin Fiala.
2:29 of 3rd period - Shot Misses the Net.
2:38 of 3rd period - Off-side.
2:39 of 3rd period - Anze Kopitar wins face-off versus Alex Ovechkin in neutral zone.
2:44 of 3rd period - Shot by Raccoon Willie.
2:44 of 3rd period - Stopped by Juuse Saros without a rebound.
2:45 of 3rd period - Raccoon Willie wins face-off versus Timo Meier in Giants zone.
2:51 of 3rd period - Raccoon Willie is hit by Moritz Seider and loses puck.
3:02 of 3rd period - Shot by Raccoon Willie.
3:02 of 3rd period - Shot Misses the Net.
3:04 of 3rd period - Shot by Raccoon Willie.
3:04 of 3rd period - Shot Misses the Net.
3:06 of 3rd period - Shot by Raccoon Willie.
3:06 of 3rd period - Stopped by Juuse Saros without a rebound.
3:07 of 3rd period - Chandler Stephenson wins face-off versus Nico Sturm in Giants zone.
3:23 of 3rd period - Off-side.
3:24 of 3rd period - Sidney Crosby wins face-off versus Ryan O'Reilly in neutral zone.
3:47 of 3rd period - Shot by Carson Soucy.
3:47 of 3rd period - Stopped by Juuse Saros without a rebound.
3:48 of 3rd period - Alex Ovechkin wins face-off versus Jonathan Toews in Giants zone.
3:54 of 3rd period - Joel Edmundson is hit by Tom Wilson and loses puck.
4:14 of 3rd period - Minor Penalty to Alex Ovechkin for Unsportsmanlike conduct.
4:15 of 3rd period - Sidney Crosby wins face-off versus Anze Kopitar in Giants zone.
4:52 of 3rd period - Shot by Raccoon Willie.
4:52 of 3rd period - Stopped by Juuse Saros without a rebound.
4:53 of 3rd period - Sidney Crosby wins face-off versus Jonathan Toews in Giants zone.
4:53 of 3rd period - Sidney Crosby is hit by Tom Wilson.
5:05 of 3rd period - Shot by Erik Johnson.
5:05 of 3rd period - Shot Blocked by Mario Ferraro.
5:19 of 3rd period - Shot by Ryan O'Reilly.
5:19 of 3rd period - Stopped by Juuse Saros with a rebound.
5:21 of 3rd period - Shot by Jonathan Toews.
5:21 of 3rd period - Stopped by Juuse Saros with a rebound.
5:41 of 3rd period - Vincent Trocheck is hit by Raccoon Willie and loses puck.
5:50 of 3rd period - Shot by Ryan Strome.
5:50 of 3rd period - Shot Misses the Net.
5:52 of 3rd period - Shot by Connor Murphy.
5:52 of 3rd period - Stopped by Juuse Saros with a rebound.
6:00 of 3rd period - Shot by Anze Kopitar.
6:00 of 3rd period - Stopped by Juuse Saros without a rebound.
6:01 of 3rd period - Jonathan Toews wins face-off versus Sidney Crosby in Giants zone.
6:46 of 3rd period - Icing by Erik Gudbranson.
6:47 of 3rd period - Sidney Crosby wins face-off versus Nico Sturm in Trash Pandas zone.
6:47 of 3rd period - Sidney Crosby is hit by Erik Gudbranson.
6:51 of 3rd period - Shot by Sidney Crosby.
6:51 of 3rd period - Shot Misses the Net.
7:29 of 3rd period - Shot by Anze Kopitar.
7:29 of 3rd period - Stopped by Juuse Saros with a rebound.
7:31 of 3rd period - Shot by Anze Kopitar.
7:31 of 3rd period - Stopped by Juuse Saros without a rebound.
7:32 of 3rd period - Ryan O'Reilly wins face-off versus Chandler Stephenson in Giants zone.
7:41 of 3rd period - Shot by Erik Johnson.
7:41 of 3rd period - Stopped by Juuse Saros without a rebound.
7:42 of 3rd period - Jonathan Toews wins face-off versus Vincent Trocheck in Giants zone.
7:51 of 3rd period - Shot by Vincent Trocheck.
7:51 of 3rd period - Stopped by Tristan Jarry without a rebound.
7:52 of 3rd period - Chandler Stephenson wins face-off versus Anze Kopitar in Trash Pandas zone.
8:13 of 3rd period - Anze Kopitar is hit by Alex Ovechkin and loses puck.
9:49 of 3rd period - Shot by Jonathan Toews.
9:49 of 3rd period - Shot Misses the Net.
10:23 of 3rd period - Tom Wilson is hit by Sidney Crosby.
10:48 of 3rd period - Off-side.
10:49 of 3rd period - Chandler Stephenson wins face-off versus Anze Kopitar in neutral zone.
11:04 of 3rd period - Shot by Anze Kopitar.
11:04 of 3rd period - Shot Misses the Net.
11:10 of 3rd period - Shot by Raccoon Willie.
11:10 of 3rd period - Stopped by Juuse Saros without a rebound.
11:11 of 3rd period - Sidney Crosby wins face-off versus Ryan O'Reilly in Giants zone.
11:13 of 3rd period - Icing by Tyler Toffoli.
11:14 of 3rd period - Ryan O'Reilly wins face-off versus Sidney Crosby in Giants zone.
11:25 of 3rd period - Shot by Jaden Schwartz.
11:25 of 3rd period - Deflect By Ryan O'Reilly.
11:25 of 3rd period - Stopped by Juuse Saros with a rebound.
11:28 of 3rd period - Icing by Alexander Romanov.
11:29 of 3rd period - Sidney Crosby wins face-off versus Jonathan Toews in Giants zone.
11:59 of 3rd period - Icing by Joel Edmundson.
12:00 of 3rd period - Ryan O'Reilly wins face-off versus Sidney Crosby in Giants zone.
12:01 of 3rd period - Shot by Jaden Schwartz.
12:01 of 3rd period - Shot Misses the Net.
12:03 of 3rd period - Shot by Ryan O'Reilly.
12:03 of 3rd period - Shot Misses the Net.
12:05 of 3rd period - Shot by Kevin Bahl.
12:05 of 3rd period - Stopped by Juuse Saros without a rebound.
12:06 of 3rd period - Chandler Stephenson wins face-off versus Anze Kopitar in Giants zone.
12:06 of 3rd period - Chandler Stephenson is hit by Sean Kuraly.
13:35 of 3rd period - Shot by Timo Meier.
13:35 of 3rd period - Stopped by Tristan Jarry without a rebound.
13:36 of 3rd period - Sidney Crosby wins face-off versus Jonathan Toews in Trash Pandas zone.
13:47 of 3rd period - Shot by Tyler Toffoli.
13:47 of 3rd period - Deflect By Sidney Crosby.
13:47 of 3rd period - Shot Misses the Net.
13:49 of 3rd period - Shot by Sidney Crosby.
13:49 of 3rd period - Shot Blocked by Erik Gudbranson.
13:51 of 3rd period - Shot by Alex Pietrangelo.
13:51 of 3rd period - Stopped by Tristan Jarry without a rebound.
13:52 of 3rd period - Alex Ovechkin wins face-off versus Nico Sturm in Trash Pandas zone.
14:10 of 3rd period - Off-side.
14:11 of 3rd period - Sidney Crosby wins face-off versus Jonathan Toews in neutral zone.
14:20 of 3rd period - Shot by Tyler Toffoli.
14:20 of 3rd period - Stopped by Tristan Jarry without a rebound.
14:21 of 3rd period - Anze Kopitar wins face-off versus Timo Meier in Trash Pandas zone.
14:21 of 3rd period - Anze Kopitar is hit by Vincent Trocheck.
14:36 of 3rd period - Kevin Fiala is hit by Sean Kuraly and loses puck.
14:42 of 3rd period - Icing by Alex Pietrangelo.
14:43 of 3rd period - Vincent Trocheck wins face-off versus Tom Wilson in Giants zone.
15:00 of 3rd period - Shot by Jonathan Toews.
15:00 of 3rd period - Shot Misses the Net.
15:12 of 3rd period - Shot by Kevin Fiala.
15:12 of 3rd period - Shot Misses the Net.
15:45 of 3rd period - Shot by Ryan O'Reilly.
15:45 of 3rd period - Stopped by Juuse Saros with a rebound.
15:47 of 3rd period - Shot by Jaden Schwartz.
15:47 of 3rd period - Stopped by Juuse Saros without a rebound.
15:48 of 3rd period - Sidney Crosby wins face-off versus Raccoon Willie in Giants zone.
16:04 of 3rd period - Icing by Sidney Crosby.
16:05 of 3rd period - Ryan O'Reilly wins face-off versus Sidney Crosby in Giants zone.
16:14 of 3rd period - Shot by Barrett Hayton.
16:14 of 3rd period - Stopped by Tristan Jarry without a rebound.
16:15 of 3rd period - Anze Kopitar wins face-off versus Chandler Stephenson in Trash Pandas zone.
16:15 of 3rd period - Anze Kopitar is hit by Alex Ovechkin.
16:25 of 3rd period - Minor Penalty to Raccoon Willie for Interference.
16:26 of 3rd period - Sidney Crosby wins face-off versus Anze Kopitar in Trash Pandas zone.
16:29 of 3rd period - Shot by Filip Forsberg.
16:29 of 3rd period - Shot Misses the Net.
16:31 of 3rd period - Shot by Adam Fox.
16:31 of 3rd period - Deflect By Sidney Crosby.
16:31 of 3rd period - Shot Misses the Net.
16:33 of 3rd period - Shot by Adam Fox.
16:33 of 3rd period - Shot Misses the Net.
16:35 of 3rd period - Shot by Moritz Seider.
16:35 of 3rd period - Shot Misses the Net.
16:37 of 3rd period - Shot by Adam Fox.
16:37 of 3rd period - Stopped by Tristan Jarry without a rebound.
16:38 of 3rd period - Chandler Stephenson wins face-off versus Anze Kopitar in Trash Pandas zone.
16:50 of 3rd period - Alex Ovechkin is hit by Erik Johnson and loses puck.
17:04 of 3rd period - Alex Ovechkin is hit by Erik Gudbranson and loses puck.
17:44 of 3rd period - Shot by Filip Forsberg.
17:44 of 3rd period - Shot Blocked by Connor Murphy.
17:56 of 3rd period - Shot by Filip Forsberg.
17:56 of 3rd period - Shot Misses the Net.
18:02 of 3rd period - Shot by Tyler Toffoli.
18:02 of 3rd period - Stopped by Tristan Jarry without a rebound.
18:03 of 3rd period - Anze Kopitar wins face-off versus Chandler Stephenson in Trash Pandas zone.
18:19 of 3rd period - Shot by El Burrito Peligroso.
18:19 of 3rd period - Goal by El Burrito Peligroso - Trash Pandas : 1 - Giants : 7.
18:20 of 3rd period - Jonathan Toews wins face-off versus Vincent Trocheck in neutral zone.
18:20 of 3rd period - Nicklas Backstrom is hit by Vincent Trocheck and loses puck.
18:24 of 3rd period - Minor Penalty to Alexander Romanov for Hooking.
18:25 of 3rd period - Sidney Crosby wins face-off versus Jonathan Toews in Giants zone.
18:34 of 3rd period - Shot by Sidney Crosby.
18:34 of 3rd period - Shot Blocked by Ryan O'Reilly.
19:19 of 3rd period - Shot by Raccoon Willie.
19:19 of 3rd period - Shot Blocked by Mario Ferraro.
19:21 of 3rd period - Shot by Anze Kopitar.
19:21 of 3rd period - Shot Misses the Net.
19:23 of 3rd period - Shot by Anze Kopitar.
19:23 of 3rd period - Shot Misses the Net.
19:25 of 3rd period - Shot by Anze Kopitar.
19:25 of 3rd period - Shot Misses the Net.
19:27 of 3rd period - Shot by Erik Johnson.
19:27 of 3rd period - Stopped by Juuse Saros without a rebound.
19:28 of 3rd period - Anze Kopitar wins face-off versus Sidney Crosby in Giants zone.
19:35 of 3rd period - Shot by Anze Kopitar.
19:35 of 3rd period - Shot Misses the Net.
19:37 of 3rd period - Shot by Raccoon Willie.
19:37 of 3rd period - Deflect By Anze Kopitar.
19:37 of 3rd period - Stopped by Juuse Saros with a rebound.
19:43 of 3rd period - Shot by Raccoon Willie.
19:43 of 3rd period - Deflect By Anze Kopitar.
19:43 of 3rd period - Stopped by Juuse Saros without a rebound.
19:44 of 3rd period - Nico Sturm wins face-off versus Vincent Trocheck in Giants zone.
19:44 of 3rd period - Jonathan Toews is hit by Alex Pietrangelo and loses puck.
Goals for this period are 0 for Trash Pandas vs 1 for Giants.
Shots for this period are 19 for Trash Pandas vs 11 for Giants.